 Dungeon Crawl Stone Soup version 0.31-a0-4-gefa6de2278 (webtiles) character file.

Game seed: 15075332651721922796

3532 Ahpoh the Carver (level 10, -9/53 HPs)
             Began as a Vine Stalker Monk on May 3, 2023.
             Mangled by a gnoll bouda
             ... wielding a +0 halberd
              (11 damage)
             ... in a bailey.
             The game lasted 00:23:32 (5677 turns).

Ahpoh the Carver (Vine Stalker Monk)                Turns: 5677, Time: 00:23:32

Health: -9/53      AC: 20    Str: 15    XL:     10   Next: 8%
Magic:  0/11       EV:  9    Int: 10    God:
Gold:   626        SH:  0    Dex: 20    Spells: 9/9 levels left

rFire   . . .        r - +0 falchion (protect)
rCold   . . .        d - orb {light}
rNeg    . . .        f - +0 chain mail
rPois   .            (no helmet)
rElec   .            g - +0 cloak
rCorr   .            o - +0 pair of gloves
SInv    .            a - +0 pair of boots
Will    +....        (no amulet) Stlth
                     (no ring)
HPRegen 1.08/turn    (no ring)
MPRegen 0.12/turn

%: guardian spirit
@: weakened, under a protective aura, glowing
A: fangs 3, regeneration 1, magic shield, antimagic bite, no potion heal 2
a: no special abilities


You were in a bailey.
You visited 1 branch of the dungeon, and saw 7 of its levels.
You also visited: Sewer, Ossuary and Bailey.

You collected 626 gold pieces.

Inventory:

Hand Weapons
 p - a +1 heavy flail
 r - a +0 falchion of protection (weapon)
Armour
 a - a +0 pair of boots (worn)
 d - an orb of light (worn)
 f - a +0 chain mail (worn)
 g - a +0 cloak (worn)
 o - a +0 pair of gloves (worn)
Jewellery
 e - an amulet of regeneration
 t - a ring of fire
 w - an amulet of the acrobat
Wands
 n - a wand of charming (8)
 q - a wand of iceblast (6)
 u - a wand of mindburst (5)
 v - a wand of quicksilver (13)
Scrolls
 h - 5 scrolls of identify {unknown}
 i - 2 scrolls of fog
 k - 3 scrolls of enchant armour {unknown}
 x - a scroll of blinking {unknown}
 y - a scroll of brand weapon {unknown}
Potions
 b - 2 potions of magic {unknown}
 c - a potion of ambrosia
 j - a potion of cancellation
 l - 2 potions of curing
 m - a potion of heal wounds
 s - 2 potions of brilliance


   Skills:
 + Level 6.0 Fighting
 + Level 9.5 Long Blades
 + Level 5.5 Armour
 + Level 3.7 Dodging
 + Level 1.8 Stealth
 + Level 1.7 Evocations


You had 9 spell levels left.
You didn't know any spells.
Your spell library contained the following spells:

 Spells                   Type           Power      Damage    Failure   Level
 Summon Small Mammal      Summ           0%         N/A       99%         1
 Call Canine Familiar     Summ           0%         N/A       100%        3
 Summon Guardian Golem    Hex/Summ       0%         N/A       100%        3
 Alistair's Intoxication  Tmut/Pois      0%         N/A       100%        5
 Borgnjor's Vile Clutch   Necr/Erth      0%         N/A       100%        5
 Eringya's Noxious Bog    Tmut/Pois      0%         N/A       100%        6


Dungeon Overview and Level Annotations

Branches:
Dungeon (7/15)              Sewer (visited)         Ossuary (visited)
 Bailey (1/1)
 Temple: D:4-7

Altars:
Gozag
Qazlal
Xom

Annotations:
D:3 2 transporters


Innate Abilities, Weirdness & Mutations

You have razor-sharp teeth.
Your natural rate of healing is unusually fast.
When hurt, damage is shared between your health and your magic reserves.
Your bite disrupts and absorbs the magic of your enemies.
Potions cannot restore your health.


Message History

Your bite misses the gnoll bouda.
The gnoll bouda is heavily wounded.
The gnoll bouda hits you with a +0 halberd.
* * * LOW HITPOINT WARNING * * *
The gnoll bouda hits you but does no damage.
You hit the gnoll bouda but do no damage.
The gnoll bouda is heavily wounded.
The gnoll bouda hits you but does no damage.
The gnoll bouda barks out a call to the hunt!
You hear a shout!
You hit the gnoll bouda.
You bite the gnoll bouda, but do no damage.
The gnoll bouda is severely wounded.
The gnoll bouda gazes fiercely through you!
You feel as though you will be weak longer.
The gnoll bouda hits you but does no damage.
A gnoll sergeant comes into view. It is wielding a +0 bardiche.
Aiming: Mindburst
Press: ? - help, Q - select action, (/) - cycle Shift-Dir - straight line, f - gnoll bouda
Aim: a gnoll bouda, wielding a +0 spear and wearing a +0 ring mail (severely wounded, haloed, chance to affect: 71%)
The gnoll bouda struggles to resist.
The gnoll bouda mumbles some strange prayers to its god.
The gnoll bouda is healed somewhat.
The gnoll bouda barks out a call to the hunt!
The gnoll bouda picks up the pace!
You hear a howl!
Aiming: Mindburst
Press: ? - help, Q - select action, (/) - cycle Shift-Dir - straight line, f/p - gnoll bouda
Aim: a gnoll bouda, wielding a +0 spear and wearing a +0 ring mail (moderately wounded, covering ground quickly, haloed, chance to affect: 71%)
The gnoll bouda struggles to resist.
The gnoll bouda hits you but does no damage.
The gnoll bouda hits you with a +0 halberd.
* * * LOW HITPOINT WARNING * * *
Aiming: Mindburst
Press: ? - help, Q - select action, (/) - cycle Shift-Dir - straight line, f/p - gnoll bouda
Aim: a gnoll bouda, wielding a +0 spear and wearing a +0 ring mail (moderately wounded, covering ground quickly, haloed, chance to affect: 71%)
The gnoll bouda's mind is blasted!!
You blow up the gnoll bouda!
The gnoll bouda hits you with a +0 halberd!
You die...

#..≈.♣ #..≈.♣♣
#..≈..♣♣ ## #..≈...♣
..# #..≈...♣
...######..≈...♣♣
$...#...'......g♣♣♣#
8.h)'...(..h.g.)@.∩#
$.))#...'......)♣♣♣#
...######..≈...♣♣
..# #..≈..♣♣ ##
#..≈..♣ #..≈..♣
#..≈.♣♣ #..≈.♣ ..≈≈♣


You could see a gnoll sergeant (swift), a wolf and a gnoll bouda (swift).

Vanquished Creatures
  Pikel (D:7)
  Prince Ribbit (D:5)
  Sigmund (D:3)
  Eustachio (D:5)
  A yak (D:6)
  Edmund (D:5)
  A water moccasin (D:4)
  Pargi (Sewer)
  2 centaurs
  2 ogres
  4 wolves (Bailey)
  4 lemures (D:7)
  2 elf zombies (Ossuary)
  A kobold brigand (D:7)
  2 gnoll sergeants (Bailey)
  5 scorpions
  A centaur zombie (Ossuary)
  5 hounds
  A jelly (D:5)
  6 gnoll boudas
  3 iguanas
  3 orc wizards
  2 mummies (Ossuary)
  Robin (D:2)
  7 gnolls (Bailey)
  5 adders
  A shadow imp (D:5)
  An ufetubus (D:5)
  3 dart slugs
  12 orcs
  5 bats
  7 endoplasms
  4 giant cockroaches
  19 goblins
  9 hobgoblins
  9 jackals
  11 kobolds
  4 quokkas
  6 ball pythons
  10 frilled lizards
  4 gnoll zombies (Ossuary)
  2 goblin zombies (Ossuary)
  3 hobgoblin zombies (Ossuary)
  2 orc zombies (Ossuary)
  4 rats
180 creatures vanquished.

Vanquished Creatures (others)
  An ogre (D:5)
  A plant (D:2)
2 creatures vanquished.

Grand Total: 182 creatures vanquished

Notes
Turn   | Place    | Note
-------+----------+-------------------------------------------
     0 | D:1      | Ahpoh the Vine Stalker Monk began the quest for the Orb.
     0 | D:1      | Reached XP level 1. HP: 11/11 MP: 2/2
    92 | D:1      | Reached skill level 3 in Long Blades
    92 | D:1      | Reached XP level 2. HP: 15/16 MP: 1/3
   607 | D:1      | You fall into a shaft and drop 1 floor!
   714 | D:2      | Reached XP level 3. HP: 20/20 MP: 4/4
  1029 | D:2      | Gained mutation: Your natural rate of healing is unusually
                  | fast. [Vine Stalker growth]
  1029 | D:2      | Reached XP level 4. HP: 17/24 MP: 3/5
  1406 | D:3      | Noticed Robin
  1459 | D:2      | Killed Robin
  1598 | D:3      | Reached skill level 1 in Armour
  1598 | D:3      | Reached XP level 5. HP: 25/28 MP: 4/6
  1642 | D:3      | Found a transporter.
  1669 | D:3      | Found a transporter.
  1948 | D:3      | Found an opulent altar of Gozag.
  2109 | D:3      | Noticed Sigmund
  2130 | D:3      | Killed Sigmund
  2131 | D:3      | Reached skill level 4 in Long Blades
  2131 | D:3      | Reached skill level 1 in Stealth
  2131 | D:3      | Reached XP level 6. HP: 28/32 MP: 4/7
  2192 | D:3      | Found a shimmering altar of Xom.
  2200 | D:3      | Found a stormy altar of Qazlal.
  2393 | D:4      | Noticed a water moccasin
  2442 | D:4      | Killed a water moccasin
  2443 | D:4      | Reached skill level 5 in Long Blades
  2443 | D:4      | Reached XP level 7. HP: 4/37 MP: 5/8
  3290 | D:5      | Entered Level 5 of the Dungeon
  3290 | D:5      | Noticed Eustachio
  3410 | D:5      | Found a glowing drain.
  3415 | Sewer    | Entered a sewer
  3478 | Sewer    | Noticed Pargi
  3493 | Sewer    | Killed Pargi
  3672 | D:5      | Reached skill level 6 in Long Blades
  3672 | D:5      | Gained mutation: You have razor-sharp teeth. [Vine Stalker
                  | growth]
  3672 | D:5      | Reached XP level 8. HP: 39/42 MP: 9/9
  3829 | D:5      | Killed Eustachio
  3926 | D:5      | Noticed Edmund
  3955 | D:5      | Killed Edmund
  3956 | D:5      | Reached skill level 1 in Evocations
  4060 | D:5      | Noticed Prince Ribbit
  4298 | D:5      | Killed Prince Ribbit
  4299 | D:5      | Reached skill level 7 in Long Blades
  4319 | D:4      | Reached skill level 5 in Fighting
  4319 | D:4      | Reached XP level 9. HP: 29/47 MP: 6/10
  4404 | D:6      | Found a sand-covered staircase.
  4413 | Ossuary  | Entered an ossuary
  4717 | D:6      | Reached skill level 8 in Long Blades
  5392 | D:7      | Noticed Pikel
  5409 | D:7      | Killed Pikel
  5410 | D:7      | Reached skill level 9 in Long Blades
  5410 | D:7      | Reached skill level 5 in Armour
  5438 | D:7      | Found a flagged portal.
  5444 | Bailey   | Entered a bailey
  5597 | Bailey   | Reached XP level 10. HP: 53/53 MP: 11/11
  5668 | Bailey   | HP: 2/53 [gnoll bouda/+0 halberd (5)]
  5676 | Bailey   | HP: 1/53 [gnoll bouda/+0 halberd (4)]
  5677 | Bailey   | Mangled by a gnoll bouda

Illustrated notes

Levels and vault maps discovered:
D:1:      wander_arrival_peaceful_grave, layout_loops_ring
D:2:      layout_loops_ring, serial_bayou_pond_a
D:3:      gammafunk_steamed_eel, layout_loops_ring,
          nicolae_overflow_hidden_temple,
          chequers_temple_overflow_statue_of_worship, uniq_robin, uniq_sigmund
D:4:      layout_layer_cave, ebering_ghost_reflecting_pool, nicolae_hexahallways
D:5:      minmay_chambers_of_threes, layout_rooms, portal_sewer_entry_e,
          grunt_ministairs_12, uniq_eustachio, uniq_prince_ribbit1, uniq_edmund
D:6:      layout_basic, nicolae_ossuary_entry_ruins, minmay_microvault
D:7:      layout_basic, gammafunk_temple_overflow_elements, temple_statues,
          enter_bailey_3, uniq_pikel
Bailey:   bailey_polearm_gnolls_kennysheep, bailey

Skill      XL: |  1  2  3  4  5  6  7  8  9 10 |
---------------+-------------------------------+-----
Long Blades    | 3 4 5 6 7 9 |  9.5
Fighting       | 3 4 5 6 |  6.0
Armour         | 1 2 3 4 5 |  5.5
Stealth        | 1 |  1.8
Dodging        | 3 |  3.7
Evocations     | 1 |  1.7

Action                     |  1- 3 |  4- 6 |  7- 9 | 10-12 || total
---------------------------+-------+-------+-------+-------++-------
  Melee: Falchion          |    87 |    94 |   350 |    46 ||   577
         Bite              |    20 |    20 |   140 |    23 ||   203
  Evoke: Wand              |       |     2 |    16 |     3 ||    21
    Use: Potion            |       |     7 |       |       ||     7
         Scroll            |       |       |     6 |       ||     6
   Stab: Invisible         |       |     2 |       |       ||     2
 Armour: Chain mail        |    33 |    79 |   215 |    35 ||   362
  Dodge: Dodged            |    34 |    49 |   160 |    34 ||   277

Table legend: (Time is in decaauts)
 A = Elapsed time spent in this place.
 B = Non-inter-level travel time spent in this place.
 C = Inter-level travel time spent in this place.
 D = Time resting spent in this place.
 E = Time spent auto-exploring this place.
 F = Levels seen in this place.
 G = Mean time per level.
                   A        B        C        D        E       F      G
               +--------+--------+--------+--------+--------+-----+--------+
         Total |   5723 |   5631 |     92 |    152 |   3342 |  10 |  572.3 |
       Dungeon |   5023 |   4931 |     92 |    114 |   3195 |   7 |  717.6 |
         Sewer |    255 |    255 |      0 |      0 |    139 |   1 |  255.0 |
       Ossuary |    230 |    230 |      0 |      0 |      7 |   1 |  230.0 |
        Bailey |    214 |    214 |      0 |     38 |      0 |   1 |  214.0 |
               +--------+--------+--------+--------+--------+-----+--------+

Top non-repeatable levels by time:
     D:3: 1049 daAuts
     D:5: 888 daAuts
     D:2: 855 daAuts
     D:4: 809 daAuts
     D:6: 689 daAuts
     D:1: 611 daAuts
   Sewer: 255 daAuts
 Ossuary: 230 daAuts
  Bailey: 214 daAuts
     D:7: 119 daAuts
